SL
WIZARDING AC RAVENCLAWS @ ROCKY MOUNTAIN NUGGETS
09/23/2019
 
TOP OF THE 1ST
Wizarding AC Ravenclaws batting - Pitching for Rocky Mountain Nuggets : RHP Hunter Wilson
Pitching: RHP Hunter Wilson
Batting: RHB Michael Montgomery 0-0: Ball
1-0: Called Strike
1-1: Reached on error, E5 (Groundball, 5S)
Batting: RHB Matt Terry 0-0: Ball
1-0: Ground out 6-3 (Groundball, 6S)
Michael Montgomery to second
Batting: RHB Cole Shaffer 0-0: Ball
1-0: Ball
Michael Montgomery steals 3rd base
2-0: Called Strike
2-1: Swinging Strike
2-2: Ground out 5-3 (Groundball, 56S)
Michael Montgomery scores
Batting: LHB Walter Kirk 0-0: Foul Ball, location: 2F
0-1: Called Strike
0-2: Ball
1-2: Ball
2-2: Foul Ball, location: 2F
2-2: Strikes out swinging
Top of the 1st over - 1 run(s), 0 hit(s), 1 error(s), 0 left on base; Wizarding AC 1 - Rocky Mountain 0
BOTTOM OF THE 1ST
Rocky Mountain Nuggets batting - Pitching for Wizarding AC Ravenclaws : RHP Dale West
Pitching: RHP Dale West
Batting: RHB Xie-li Kan 0-0: Ground out 6-3 (Groundball, 6)
Batting: RHB Mark O'Monaghan 0-0: Ball
1-0: Foul Ball, location: 2F
1-1: Ball
2-1: Foul Ball, location: 2F
2-2: Ball
3-2: Reached on error, E5 (Groundball, 56S)
Batting: LHB Jason Potter 0-0: Called Strike
0-1: SINGLE (Line Drive, 8RS)
Mark O'Monaghan to second
Batting: RHB David Verhoeve 0-0: Called Strike
0-1: Grounds into double play, 4-6-3 (Groundball, 4)
Bottom of the 1st over - 0 run(s), 1 hit(s), 1 error(s), 1 left on base; Wizarding AC 1 - Rocky Mountain 0
TOP OF THE 2ND
Wizarding AC Ravenclaws batting - Pitching for Rocky Mountain Nuggets : RHP Hunter Wilson
Batting: LHB Jason Powell 0-0: Fly out, F8 (Flyball, 8LD)
Batting: LHB George Valentine 0-0: Ball
1-0: Called Strike
1-1: Swinging Strike
1-2: Ball
2-2: Strikes out swinging
Batting: RHB Pablo León 0-0: Called Strike
0-1: Fly out, F8 (Flyball, 8RM)
Top of the 2nd over - 0 run(s), 0 hit(s), 0 error(s), 0 left on base; Wizarding AC 1 - Rocky Mountain 0
BOTTOM OF THE 2ND
Rocky Mountain Nuggets batting - Pitching for Wizarding AC Ravenclaws : RHP Dale West
Batting: SHB Jim Morris 0-0: Called Strike
0-1: SINGLE (Line Drive, 89S)
Batting: RHB Juan Ávila 0-0: Ball
1-0: Ball
2-0: Foul Ball, location: 2F
2-1: Swinging Strike
2-2: 2-RUN HOME RUN (Flyball, 78XD), Distance : 416 ft
Batting: SHB Quan Ge 0-0: Called Strike
0-1: Ball
1-1: Foul Ball, location: 2F
1-2: Ball
2-2: Foul Ball, location: 2F
2-2: Fly out, F7 (Line Drive, 7M)
Batting: RHB Mark Melton 0-0: Called Strike
0-1: SINGLE (Groundball, 6M)
Batting: RHB Hunter Wilson 0-0: Sac Bunt - play at second, runner OUT! 3-6
Batting: RHB Xie-li Kan 0-0: Ball
1-0: Ball
2-0: Called Strike
2-1: Foul Ball, location: 2F
2-2: Foul Ball, location: 2F
2-2: Fly out, F7 (Flyball, 7M)
Bottom of the 2nd over - 2 run(s), 3 hit(s), 0 error(s), 1 left on base; Wizarding AC 1 - Rocky Mountain 2
TOP OF THE 3RD
Wizarding AC Ravenclaws batting - Pitching for Rocky Mountain Nuggets : RHP Hunter Wilson
Batting: RHB Juan Torres 0-0: Swinging Strike
0-1: Swinging Strike
0-2: Foul Ball, location: 2F
0-2: Ball
1-2: Strikes out swinging
Batting: RHB Dale West 0-0: Swinging Strike
0-1: Ball
1-1: Ball
2-1: Foul Ball, location: 2F
2-2: Ball
3-2: Strikes out looking
Batting: RHB Michael Montgomery 0-0: Called Strike
0-1: Ball
1-1: Foul Ball, location: 2F
1-2: Strikes out swinging
Top of the 3rd over - 0 run(s), 0 hit(s), 0 error(s), 0 left on base; Wizarding AC 1 - Rocky Mountain 2
BOTTOM OF THE 3RD
Rocky Mountain Nuggets batting - Pitching for Wizarding AC Ravenclaws : RHP Dale West
Batting: RHB Mark O'Monaghan 0-0: Ball
1-0: Foul Ball, location: 2F
1-1: Ball
2-1: Swinging Strike
2-2: Foul Ball, location: 2F
2-2: Foul Ball, location: 2F
2-2: SINGLE (Line Drive, 78S)
Batting: LHB Jason Potter 0-0: Ball
1-0: Fly out, F8 (Line Drive, 78S)
Batting: RHB David Verhoeve 0-0: Ball
1-0: Called Strike
1-1: Foul Ball, location: 2F
1-2: Ball
2-2: Ball
3-2: SINGLE (Line Drive, 34D)
Mark O'Monaghan to second
Batting: SHB Jim Morris 0-0: Ball
1-0: Foul Ball, location: 2F
1-1: Called Strike
1-2: SINGLE (Flyball, 8RM)
Mark O'Monaghan to third
David Verhoeve to second
Batting: RHB Juan Ávila 0-0: Ball
1-0: Fly out, F6 (Line Drive, 6)
Batting: SHB Quan Ge 0-0: Called Strike
0-1: Fly out, F5 (Popup, 5F)
Bottom of the 3rd over - 0 run(s), 3 hit(s), 0 error(s), 3 left on base; Wizarding AC 1 - Rocky Mountain 2
TOP OF THE 4TH
Wizarding AC Ravenclaws batting - Pitching for Rocky Mountain Nuggets : RHP Hunter Wilson
Batting: RHB Matt Terry 0-0: Ball
1-0: Fly out, F9 (Flyball, 9S)
Batting: RHB Cole Shaffer 0-0: Ball
1-0: Ball
2-0: Foul Ball, location: 2F
2-1: Foul Ball, location: 2F
2-2: Foul Ball, location: 2F
2-2: SINGLE (Line Drive, 4D)
Batting: LHB Walter Kirk 0-0: Ball
Cole Shaffer steals 2nd base
1-0: Ball
2-0: Called Strike
2-1: Called Strike
2-2: Ball
3-2: Ground out 4-3 (Groundball, 4)
Cole Shaffer to third
Batting: LHB Jason Powell 0-0: SINGLE (Groundball, 4MD)
Cole Shaffer scores
Batting: LHB George Valentine 0-0: Ball
1-0: Foul Ball, location: 2F
1-1: Called Strike
1-2: Ground out 4-3 (Groundball, 4)
Top of the 4th over - 1 run(s), 2 hit(s), 0 error(s), 1 left on base; Wizarding AC 2 - Rocky Mountain 2
BOTTOM OF THE 4TH
Rocky Mountain Nuggets batting - Pitching for Wizarding AC Ravenclaws : RHP Dale West
Batting: RHB Mark Melton 0-0: Ball
1-0: Ball
2-0: Hit by Pitch
Batting: RHB Hunter Wilson 0-0: Called Strike
0-1: Bunted foul
0-2: Bunted foul, Strikeout!
Batting: RHB Xie-li Kan 0-0: Called Strike
0-1: Ball
1-1: Ball
2-1: Ball
3-1: Base on Balls
Mark Melton to second
Batting: RHB Mark O'Monaghan 0-0: Ball
1-0: Ball
2-0: Ball
3-0: Called Strike
3-1: Base on Balls
Mark Melton to third
Xie-li Kan to second
Batting: LHB Jason Potter 0-0: TRIPLE (Line Drive, 34)
Mark Melton scores
Xie-li Kan scores
Mark O'Monaghan scores
Batting: RHB David Verhoeve 0-0: Ball
1-0: Ball
2-0: Reached on error, E6 (Groundball, 6)
Jason Potter scores
Pitching: RHP Victor Burgess
Batting: SHB Jim Morris 0-0: Ball
1-0: Ball
2-0: Called Strike
2-1: Foul Ball, location: 2F
2-2: Ball
3-2: Foul Ball, location: 2F
3-2: Fly out, F9 (Flyball, 9LSF)
Batting: RHB Juan Ávila 0-0: Called Strike
0-1: Ball
1-1: Called Strike
1-2: Fly out, F8 (Flyball, 8RM)
Bottom of the 4th over - 4 run(s), 1 hit(s), 1 error(s), 1 left on base; Wizarding AC 2 - Rocky Mountain 6
TOP OF THE 5TH
Wizarding AC Ravenclaws batting - Pitching for Rocky Mountain Nuggets : RHP Hunter Wilson
Batting: RHB Pablo León 0-0: Ball
1-0: SOLO HOME RUN (Flyball, 8LXD), Distance : 439 ft
Batting: RHB Juan Torres 0-0: Ground out 5-3 (Groundball, 56)
Pitching: RHP Juan Carlos Maestas
Batting: RHB Victor Burgess 0-0: Ball
1-0: Called Strike
1-1: Ball
2-1: Ball
3-1: Foul Ball, location: 2F
3-2: Foul Ball, location: 2F
3-2: SOLO HOME RUN (Flyball, 78XD), Distance : 423 ft
Batting: RHB Michael Montgomery 0-0: Ball
1-0: Called Strike
1-1: Foul Ball, location: 2F
1-2: Strikes out swinging
Batting: RHB Matt Terry 0-0: Ball
1-0: Foul Ball, location: 2F
1-1: Ball
2-1: Ball
3-1: Ground out 6-3 (Groundball, 6)
Top of the 5th over - 2 run(s), 2 hit(s), 0 error(s), 0 left on base; Wizarding AC 4 - Rocky Mountain 6
BOTTOM OF THE 5TH
Rocky Mountain Nuggets batting - Pitching for Wizarding AC Ravenclaws : RHP Victor Burgess
Batting: SHB Quan Ge 0-0: Ball
1-0: Swinging Strike
1-1: Ball
2-1: Ball
3-1: SINGLE (Flyball, 9S)
Batting: RHB Mark Melton 0-0: Ball
1-0: Ball
2-0: SINGLE (Flyball, 78S)
Quan Ge to second
Pinch Hitting: LHB Egidio Agnolutto 0-0: Called Strike
0-1: Sac Bunt - play at third, runner OUT! 1-5
Mark Melton to second
Batting: RHB Xie-li Kan 0-0: Foul Ball, location: 2F
0-1: Fly out, F9 (Flyball, 89M)
Batting: RHB Mark O'Monaghan 0-0: Called Strike
0-1: Ball
1-1: Foul Ball, location: 2F
1-2: Ball
2-2: Foul Ball, location: 2F
2-2: Strikes out looking
Bottom of the 5th over - 0 run(s), 2 hit(s), 0 error(s), 2 left on base; Wizarding AC 4 - Rocky Mountain 6
TOP OF THE 6TH
Wizarding AC Ravenclaws batting - Pitching for Rocky Mountain Nuggets : RHP Juan Carlos Maestas
Pitching: LHP Tommy Blevins
Batting: RHB Cole Shaffer 0-0: Called Strike
0-1: Foul Ball, location: 2F
0-2: Ball
1-2: Strikes out swinging
Batting: LHB Walter Kirk 0-0: Ball
1-0: Ball
2-0: SOLO HOME RUN (Flyball, 89XD), Distance : 407 ft
Batting: LHB Jason Powell 0-0: Called Strike
0-1: Foul Ball, location: 2F
0-2: Strikes out swinging
Batting: LHB George Valentine 0-0: Called Strike
0-1: Called Strike
0-2: Ball
1-2: Ball
2-2: Ball
3-2: Base on Balls
Batting: RHB Pablo León 0-0: Ball
1-0: Foul Ball, location: 2F
1-1: Foul Ball, location: 2F
1-2: Ball
2-2: Foul Ball, location: 2F
2-2: Fielders Choice at 2nd, U4 (Groundball, 4M)
Top of the 6th over - 1 run(s), 1 hit(s), 0 error(s), 1 left on base; Wizarding AC 5 - Rocky Mountain 6
BOTTOM OF THE 6TH
Rocky Mountain Nuggets batting - Pitching for Wizarding AC Ravenclaws : RHP Victor Burgess
Batting: LHB Jason Potter 0-0: Called Strike
0-1: Swinging Strike
0-2: Ball
1-2: Ground out 3-1 (Groundball, 3)
Batting: RHB David Verhoeve 0-0: Foul Ball, location: 2F
0-1: Foul Ball, location: 2F
0-2: Ball
1-2: Fly out, F9 (Flyball, 89M)
Batting: SHB Jim Morris 0-0: Foul Ball, location: 2F
0-1: Ball
1-1: Called Strike
1-2: SINGLE (Line Drive, 4MD)
Batting: RHB Juan Ávila 0-0: Called Strike
0-1: Ball
1-1: Foul Ball, location: 2F
1-2: Ball
2-2: Foul Ball, location: 2F
2-2: Foul Ball, location: 2F
2-2: Strikes out swinging
Bottom of the 6th over - 0 run(s), 1 hit(s), 0 error(s), 1 left on base; Wizarding AC 5 - Rocky Mountain 6
TOP OF THE 7TH
Wizarding AC Ravenclaws batting - Pitching for Rocky Mountain Nuggets : LHP Tommy Blevins
Batting: RHB Juan Torres 0-0: Ball
1-0: Ball
2-0: Ball
3-0: Base on Balls
Pinch Hitting: RHB Pedro Cruz 0-0: Ball
1-0: Ball
2-0: Called Strike
2-1: DOUBLE (Groundball, 5L)
Juan Torres to third
Batting: RHB Michael Montgomery 0-0: Called Strike
0-1: Ball
1-1: Called Strike
1-2: Ground out 5-3 (Groundball, 5L)
Batting: RHB Matt Terry 0-0: Called Strike
0-1: Foul Ball, location: 2F
0-2: Ball
1-2: Ball
2-2: Fly out, F9 (Flyball, 9M)
Batting: RHB Cole Shaffer 0-0: Ball
1-0: Ball
2-0: Foul Ball, location: 2F
2-1: Swinging Strike
2-2: Ground out 6-3 (Groundball, 6M)
Top of the 7th over - 0 run(s), 1 hit(s), 0 error(s), 2 left on base; Wizarding AC 5 - Rocky Mountain 6
BOTTOM OF THE 7TH
Rocky Mountain Nuggets batting - Pitching for Wizarding AC Ravenclaws : RHP Victor Burgess
Pitching: RHP Joe Benítez
Batting: SHB Quan Ge 0-0: Ball
1-0: Called Strike
1-1: Swinging Strike
1-2: Reached on error, E5 (Groundball, 56)
Batting: RHB Mark Melton 0-0: Sac Bunt - play at second, runner OUT! 1-6
Pinch Hitting: RHB Michael Riley 0-0: Ball
1-0: Called Strike
1-1: Swinging Strike
1-2: Foul Ball, location: 2F
1-2: Ball
2-2: Ball
3-2: Strikes out swinging
Batting: RHB Xie-li Kan 0-0: Ball
1-0: Ball
2-0: Foul Ball, location: 2F
2-1: Called Strike
2-2: Strikes out looking
Bottom of the 7th over - 0 run(s), 0 hit(s), 1 error(s), 1 left on base; Wizarding AC 5 - Rocky Mountain 6
TOP OF THE 8TH
Wizarding AC Ravenclaws batting - Pitching for Rocky Mountain Nuggets : LHP Tommy Blevins
Pitching: LHP Ryan Miller
Batting: LHB Walter Kirk 0-0: Called Strike
0-1: Ball
1-1: Called Strike
1-2: Foul Ball, location: 2F
1-2: Foul Ball, location: 2F
1-2: Foul Ball, location: 2F
1-2: Strikes out swinging
Batting: LHB Jason Powell 0-0: Ball
1-0: Fly out, F7 (Flyball, 78D)
Batting: LHB George Valentine 0-0: Ball
1-0: Fly out, F4 (Popup, 34)
Top of the 8th over - 0 run(s), 0 hit(s), 0 error(s), 0 left on base; Wizarding AC 5 - Rocky Mountain 6
BOTTOM OF THE 8TH
Rocky Mountain Nuggets batting - Pitching for Wizarding AC Ravenclaws : RHP Joe Benítez
Batting: RHB Mark O'Monaghan 0-0: Ball
1-0: Ball
2-0: Foul Ball, location: 2F
2-1: SINGLE (Groundball, 25) (infield hit)
Batting: LHB Jason Potter 0-0: Ball
1-0: Fielders Choice at 2nd, 3-6 (Groundball, 34)
Pinch Runner at 1st Brian Boone:
Batting: RHB David Verhoeve 0-0: Called Strike
0-1: Ball
1-1: Ball
2-1: Foul Ball, location: 2F
2-2: Ball
3-2: Foul Ball, location: 2F
3-2: Ground out 3-1 (Groundball, 34)
Brian Boone to second
Batting: SHB Jim Morris 0-0: Ball
1-0: Ball
2-0: Foul Ball, location: 2F
2-1: Ball
3-1: Base on Balls
Batting: RHB Juan Ávila 0-0: Ball
1-0: Fly out, F2 (Popup, 2LF)
Bottom of the 8th over - 0 run(s), 1 hit(s), 0 error(s), 2 left on base; Wizarding AC 5 - Rocky Mountain 6
TOP OF THE 9TH
Wizarding AC Ravenclaws batting - Pitching for Rocky Mountain Nuggets : LHP Ryan Miller
Pitching: RHP Ramón Tovar
Now at SS: Keith McKnight
Now in LF: Brian Boone
Batting: RHB Pablo León 0-0: Foul Ball, location: 2F
0-1: Foul Ball, location: 2F
0-2: Foul Ball, location: 2F
0-2: Foul Ball, location: 2F
0-2: Ground out 6-3 (Groundball, 6M)
Pinch Hitting: LHB Dave Lee 0-0: DOUBLE (Groundball, 3L)
Pinch Hitting: RHB Greg Keys 0-0: SINGLE (Groundball, 56D)
Dave Lee to third
Batting: RHB Michael Montgomery 0-0: Called Strike
0-1: SINGLE (Line Drive, 6M)
Dave Lee scores
Greg Keys to second
Batting: RHB Matt Terry 0-0: Foul Ball, location: 2F
0-1: Called Strike
0-2: Ball
1-2: Reached on error, E1 (Groundball, 23)
Greg Keys to third
Michael Montgomery to second
Batting: RHB Cole Shaffer 0-0: Swinging Strike
0-1: Fly out, F7 (Line Drive, 78D)
Runner from 3rd tags up, SCORES, no throw
Pitching: RHP Tony Vargas
Batting: LHB Walter Kirk 0-0: Ball
1-0: Ball
2-0: Called Strike
2-1: Called Strike
2-2: Foul Ball, location: 2F
2-2: Ball
Wild Pitch!
Michael Montgomery to third
Matt Terry to second
3-2: Base on Balls
Batting: LHB Jason Powell 0-0: Called Strike
0-1: Ball
1-1: Ball
2-1: SINGLE (Line Drive, 6D)
Michael Montgomery scores
Matt Terry to third
Walter Kirk to second
Batting: LHB George Valentine 0-0: Called Strike
0-1: Ball
1-1: Called Strike
1-2: Strikes out swinging
Top of the 9th over - 3 run(s), 4 hit(s), 1 error(s), 3 left on base; Wizarding AC 8 - Rocky Mountain 6
BOTTOM OF THE 9TH
Rocky Mountain Nuggets batting - Pitching for Wizarding AC Ravenclaws : RHP Joe Benítez
Pitching: RHP George Ricker
Now at C: António Santana
Batting: SHB Quan Ge 0-0: Ball
1-0: Fly out, F7 (Line Drive, 7M)
Batting: RHB Mark Melton 0-0: Ball
1-0: Foul Ball, location: 2F
1-1: Swinging Strike
1-2: Ball
2-2: Foul Ball, location: 2F
2-2: Ball
3-2: SINGLE (Line Drive, 7S)
Batting: LHB Keith McKnight 0-0: Fly out, F7 (Flyball, 7M)
Batting: RHB Xie-li Kan 0-0: Ball
1-0: Foul Ball, location: 2F
1-1: Ball
2-1: Swinging Strike
2-2: Strikes out swinging
Bottom of the 9th over - 0 run(s), 1 hit(s), 0 error(s), 1 left on base; Wizarding AC 8 - Rocky Mountain 6
This league is powered by Out of the Park Baseball, the baseball management simulation game for PC, Mac and Linux
Saturday, July 25th, 2015 - OOTP Baseball 15.6 Build 34